 Dungeon Crawl Stone Soup version 0.30-a0-694-g3340775977 (webtiles) character file.

Game seed: 15898084884649933971

2 Bnni the Vexing (level 1, -2/15 HPs)
             Began as a Formicid Hexslinger on Jan 20, 2023.
             Slain by a kobold
             ... wielding a +4 dagger
              (6 damage)
             ... on level 1 of the Dungeon.
             The game lasted 00:00:46 (59 turns).

Bnni the Vexing (Formicid Hexslinger)                 Turns: 59, Time: 00:00:47

Health: -2/15      AC:  2    Str: 14    XL:     1   Next: 44%
Magic:  1/2        EV: 12    Int: 12    God:
Gold:   0          SH:  0    Dex: 14    Spells: 1/2 levels left

rFire   . . .      SeeInvis +    a - +1 sling
rCold   . . .      Faith    .    (no shield)
rNeg    . . .      Spirit   .    c - +0 robe
rPois   .          Reflect  .    (helmet unavailable)
rElec   .          Harm     .    (no cloak)
rCorr   .          Rampage  .    (no gloves)
Will    .....                    (no boots)
Stlth   +                        (no amulet)
HPRegen 0.22/turn                (no ring)
MPRegen 0.08/turn                (no ring)

@: no status effects
A: permanent stasis, dig shafts and tunnels, antennae 3, four strong arms
a: Dig, Shaft Self


You were on level 1 of the Dungeon.
You visited 1 branch of the dungeon, and saw 1 of its levels.

Inventory:

Hand Weapons
 a - a +1 sling (weapon)
Armour
 c - a +0 robe (worn)
Scrolls
 b - a scroll of poison


   Skills:
 + Level 1.1 Fighting
 * Level 2.0 Ranged Weapons
 - Level 1.7 Dodging
 + Level 1.1 Spellcasting
 * Level 3.7 Hexes
 * Level 0.2 Fire Magic


You had one spell level left.
You knew the following spells:

 Your Spells              Type           Power      Damage    Failure   Level
a - Slow                  Hex            36%        N/A       7%          1

Your spell library contained the following spells:

 Spells                   Type           Power      Damage    Failure   Level
 Inner Flame              Hex/Fire       5%         N/A       38%         3
 Portal Projectile        Hex/Tloc       10%        N/A       38%         3
 Cause Fear               Hex            4%         N/A       54%         4


Dungeon Overview and Level Annotations

Branches:
Dungeon (1/15)

Altars:


Innate Abilities, Weirdness & Mutations

You cannot be hasted, slowed, berserked, paralysed or teleported.
You can dig through walls and to a lower floor.
You have a pair of large antennae on your head. (SInv)
Your four strong arms can wield two-handed weapons with a shield.


Message History

Aiming: Slow (safe; 7% risk of failure)
Press: ? - help, Shift-Dir - straight line, f - kobold
Aim: a kobold, wielding a +4 dagger (moderately wounded, chance to affect: 61%)
The kobold seems to slow down.
You see here a +0 sling.
The kobold is no longer moving slowly.
Fire: a) +1 sling
Press: ? - help, Shift-Dir - straight line, f/p - kobold
Aim: a kobold, wielding a +4 dagger (50% to hit)
You shoot a sling bullet.
The sling bullet barely misses the kobold.
The sling bullet hits the goblin.
You kill the goblin!
Fire: a) +1 sling
Press: ? - help, Shift-Dir - straight line, f/p - kobold
Aim: a kobold, wielding a +4 dagger (50% to hit)
You shoot a sling bullet.
The sling bullet hits the kobold but does no damage.
The kobold barely misses you. The kobold closely misses you.
Fire: a) +1 sling
Press: ? - help, Shift-Dir - straight line, f/p - kobold
Aim: a kobold, wielding a +4 dagger (50% to hit)
You shoot a sling bullet.
The sling bullet closely misses the kobold.
The kobold closely misses you.
Fire: a) +1 sling
Press: ? - help, Shift-Dir - straight line, f/p - kobold
Aim: a kobold, wielding a +4 dagger (50% to hit)
You shoot a sling bullet. The sling bullet hits the kobold.
The kobold is moderately wounded.
The kobold hits you with a +4 dagger.
Fire: a) +1 sling
Press: ? - help, Shift-Dir - straight line, f/p - kobold
Aim: a kobold, wielding a +4 dagger (moderately wounded, 50% to hit)
You shoot a sling bullet.
The sling bullet closely misses the kobold.
The kobold hits you with a +4 dagger.
* * * LOW HITPOINT WARNING * * *
The kobold hits you with a +4 dagger.
You die...

##.. #....##
##.#.# ..#
#####.###.##..
#.########.#.####'
#†##.....##.##....
#.##.....##.##.8.8
#)##........##....
#)##.....##..+.8.<
#K##.....#####....
#@####.### #.8.8
#.####.#######....
#............####+
######.####### #.#
#.# #.# #.# #.#


You could see a kobold.

Vanquished Creatures
  A bat (D:1)
  A goblin (D:1)
2 creatures vanquished.

Notes
Turn   | Place    | Note
-------+----------+-------------------------------------------
     0 | D:1      | Bnni the Formicid Hexslinger began the quest for the Orb.
     0 | D:1      | Reached XP level 1. HP: 15/15 MP: 2/2
    59 | D:1      | Slain by a kobold

Illustrated notes

Levels and vault maps discovered:
D:1:      doesnt_arrival_eight_statues, layout_loops_ring, minmay_cupped

Action                   || total
-------------------------++-------
 Fire: Sling             ||    12
 Cast: Slow              ||     1
Armor: Robe              ||     1
Dodge: Dodged            ||    10

Table legend: (Time is in decaauts)
 A = Elapsed time spent in this place.
 B = Non-inter-level travel time spent in this place.
 C = Inter-level travel time spent in this place.
 D = Time resting spent in this place.
 E = Time spent auto-exploring this place.
 F = Levels seen in this place.
 G = Mean time per level.
                   A        B        C        D        E       F      G
               +--------+--------+--------+--------+--------+-----+--------+
         Total |     62 |     62 |      0 |      0 |     39 |   1 |   62.0 |
       Dungeon |     62 |     62 |      0 |      0 |     39 |   1 |   62.0 |
               +--------+--------+--------+--------+--------+-----+--------+

Top non-repeatable levels by time:
     D:1: 62 daAuts
